 Dungeon Crawl Stone Soup version 0.23.2-40-g277498a001 (webtiles) character file.

Game seed: 9921002732821171063

1325 H0rd4k the Ducker (level 8, -2/60 HPs)
             Began as a Human Artificer on Aug 23, 2019.
             Was an Initiate of Gozag.
             Slain by a bullfrog skeleton (3 damage)
             ... on level 7 of the Dungeon.
             The game lasted 00:19:01 (8514 turns).

H0rd4k the Ducker (Human Artificer)                 Turns: 8514, Time: 00:19:03

Health: -2/60      AC:  4    Str: 19    XL:     8   Next: 91%
Magic:  11/11      EV: 14    Int: 12    God:    Gozag
Gold:   36         SH:  0    Dex: 13    Spells: 7/7 levels left

rFire    . . .     SeeInvis .   z - +2 mace of Disaster {crush, rC+ Str+4}
rCold    + . .     Gourm    .   (no shield)
rNeg     . . .     Faith    .   b - +1 leather armour
rPois    .         Spirit   .   (no helmet)
rElec    .         Reflect  .   (no cloak)
rCorr    .         Harm     .   (no gloves)
MR       .....                  (no boots)
Stlth    ++........             (no amulet)
HPRegen  0.20/turn              j - ring of flight
MPRegen  0.12/turn              (no ring)

@: gold aura
A: no striking features
a: Potion Petition, Call Merchant, Bribe Branch, Renounce Religion, Evoke Flight


You were on level 7 of the Dungeon.
You worshipped Gozag.
Gozag was noncommittal.
You were not hungry.

You visited 2 branches of the dungeon, and saw 8 of its levels.

You collected 280 gold pieces.
You spent 160 gold pieces at shops.
You paid 84 gold pieces to Gozag.

Inventory:

Hand Weapons
 a - a +0 short sword
 i - a +2 whip of freezing
 l - a +0 falchion of holy wrath
 s - a +0 dagger of pain
 z - the +2 mace of Disaster (weapon) {crush, rC+ Str+4}
   (You bought it in a shop on level 4 of the Dungeon)

   It inflicts extra damage upon your enemies.
   It affects your strength (+4).
   It protects you from cold.
Armour
 b - a +1 leather armour (worn)
Jewellery
 j - a ring of flight (left hand)
Wands
 d - a wand of enslavement (7)
 r - a wand of polymorph (6)
Scrolls
 e - 2 scrolls of teleportation
 g - a scroll of amnesia
 k - a scroll of fear
 o - 2 scrolls of identify
 q - a scroll of immolation
 u - 4 scrolls of remove curse
 v - a scroll of enchant weapon {unknown}
 w - a scroll of fog
 y - a scroll of vulnerability {unknown}
 A - a scroll of magic mapping
Potions
 c - 2 potions of flight {unknown}
 h - 4 potions of curing
 m - a potion of mutation {unknown}
 n - a potion of ambrosia {unknown}
 p - 4 potions of heal wounds {unknown}
 t - 4 potions of haste {unknown}
 x - 2 potions of agility {unknown}
Comestibles
 f - 6 rations


   Skills:
 + Level 4.0 Fighting
 + Level 3.7 Short Blades
 + Level 4.0 Maces & Flails
 + Level 3.7 Armour
 + Level 4.6 Dodging
 + Level 3.1 Stealth
 + Level 4.5 Evocations


You had 7 spell levels left.
You didn't know any spells.
Your spell library was empty.

Dungeon Overview and Level Annotations

Branches:
Dungeon (7/15)             Temple (1/1) D:5

Altars:
Ashenzari
Cheibriados
Dithmenos
Elyvilon
Gozag
Hepliaklqana
Kikubaaqudgha
Nemelex Xobeh
Okawaru
Ru
Sif Muna
Trog
Uskayaw
Vehumet
Yredelemnul
Zin
The Shining One

Shops:
D:4 (%**   D:5 }

Annotations:
D:1 exclusion: downstairs


Message History

The bullfrog skeleton is severely damaged.
The bullfrog skeleton barely misses you.
The bullfrog skeleton closely misses you.
You hit the bullfrog skeleton but do no damage.
The bullfrog skeleton is severely damaged.
The bullfrog skeleton barely misses you.
You barely miss the bullfrog skeleton.
The bullfrog skeleton is severely damaged.
The bullfrog skeleton hits you!
* * * LOW HITPOINT WARNING * * *
The bullfrog skeleton hits you.
* * * LOW HITPOINT WARNING * * *
You hit the bullfrog skeleton but do no damage.
The bullfrog skeleton is severely damaged.
You are no longer corroded.
The bullfrog skeleton hits you.
* * * LOW HITPOINT WARNING * * *
The bullfrog skeleton hits you.
You die...
Your body crumbles into a pile of gold.

##.#.##
..#/#=!.
......##.
.........
#...$....
#........
##........
#@Z.......
#.<.....>.
#####...##
.## $ $


You could see a bullfrog skeleton.

Vanquished Creatures
  Sigmund (D:3)
  A porcupine (D:5)
  A black bear (D:6)
  An ogre (D:4)
  A phantom (D:5)
  3 centaurs (D:5)
  2 scorpions
  A crimson imp (D:5)
  A hound (D:4)
  2 jellies
  7 worker ants
  6 adders
  6 gnolls
  An adder skeleton (D:2)
  An adder zombie (D:6)
  3 worms
  4 dart slugs
  10 orcs
  2 ball pythons
  6 giant cockroaches
  4 goblins
  2 hobgoblins (D:3)
  13 jackals
  7 kobolds
  2 quokkas (D:5)
  10 bats
  5 frilled lizards
  A quokka skeleton (D:4)
  6 rats
110 creatures vanquished.

Vanquished Creatures (collateral kills)
  An adder (D:4)
  An orc (D:5)
2 creatures vanquished.

Vanquished Creatures (others)
  An adder (D:4)
1 creature vanquished.

Grand Total: 113 creatures vanquished

Notes
Turn   | Place    | Note
-------+----------+-------------------------------------------
     0 | D:1      | H0rd4k the Human Artificer began the quest for the Orb.
     0 | D:1      | Reached XP level 1. HP: 15/15 MP: 3/3
   291 | D:1      | Reached XP level 2. HP: 20/21 MP: 4/4
   688 | D:1      | Reached XP level 3. HP: 24/26 MP: 5/5
  1718 | D:2      | Reached XP level 4. HP: 18/32 MP: 6/6
  2183 | D:2      | Reached skill level 1 in Armour
  2505 | D:2      | Found a glowing golden altar of the Shining One.
  2507 | D:2      | Noticed an angel
  2512 | D:2      | Found a basalt altar of Yredelemnul.
  2514 | D:2      | Noticed a profane servitor
  2759 | D:3      | Reached XP level 5. HP: 31/38 MP: 7/7
  2816 | D:3      | Found a white marble altar of Elyvilon.
  2873 | D:3      | Noticed Sigmund
  2882 | D:4      | Found a sparkling altar of Nemelex Xobeh.
  3276 | D:4      | Noticed an ogre
  3293 | D:4      | Killed an ogre
  3293 | D:4      | Reached XP level 6. HP: 44/44 MP: 7/9
  3390 | D:4      | Found Bis Imma's Food Emporium.
  3452 | D:4      | Found Umichaar's Antique Weapon Boutique.
  3582 | D:4      | Found a deep blue altar of Sif Muna.
  3854 | D:4      | Found Kariroqe's General Store.
  3890 | D:4      | Found Uxomech's General Store.
  3928 | D:5      | Entered Level 5 of the Dungeon
  4596 | D:3      | Killed Sigmund
  4596 | D:3      | Reached XP level 7. HP: 36/51 MP: 10/10
  4933 | D:3      | Found a hazy altar of Hepliaklqana.
  5165 | D:5      | Found Lixuson's Gadget Shoppe.
  5250 | D:5      | Reached skill level 1 in Maces & Flails
  5524 | D:5      | Noticed a fire bat
  5524 | D:5      | a tengu changed into a fire bat
  5525 | D:5      | a fire bat changed into a porcupine
  5766 | D:5      | Reached XP level 8. HP: 55/58 MP: 11/11
  6541 | D:4      | Bought a faintly glowing mace for 160 gold pieces
  6541 | D:4      | Identified the +2 mace of Disaster {crush, rC+ Str+4} (You
                  | bought it in a shop on level 4 of the Dungeon)
  6835 | D:5      | Found a staircase to the Ecumenical Temple.
  7370 | Temple   | Entered the Ecumenical Temple
  7771 | Temple   | Became a worshipper of Gozag Ym Sagoz the Greedy
  8514 | D:7      | HP: 1/60 [bullfrog skeleton (3)]
  8514 | D:7      | Slain by a bullfrog skeleton

Skill      XL: |  1  2  3  4  5  6  7  8 |
---------------+-------------------------+-----
Armour         | 1 2 3 |  3.7
Short Blades   | 2 3 |  3.7
Fighting       | 2 3 4 |  4.0
Dodging        | 3 4 |  4.6
Stealth        | 2 3 |  3.1
Evocations     | 4 |  4.5
Maces & Flails | 1 4 |  4.0

Action                   |  1- 3 |  4- 6 |  7- 9 || total
-------------------------+-------+-------+-------++-------
Melee: Short sword       |   165 |    45 |       ||   210
       Dagger            |       |   170 |       ||   170
       Whip              |       |    12 |   160 ||   172
       Mace              |       |       |   100 ||   100
Evoke: Wand              |     2 |    30 |     9 ||    41
  Use: Scroll            |       |     9 |     2 ||    11
 Stab: Sleeping          |       |     3 |     3 ||     6
       Paralysed         |       |     3 |       ||     3
       Distracted        |       |       |     2 ||     2
  Eat: Chunk             |     3 |     6 |     6 ||    15
       Ration            |       |     1 |     2 ||     3
Armor: Leather armour    |    58 |    61 |    36 ||   155
Dodge: Dodged            |   140 |   184 |   189 ||   513
